Workbook

Sheet PRESUPUESTO
C3: SALON DE MUSICA
C4: ITEM | D4: ACTIVIDADES | E4: UNIDAD | F4: CANT | G4: V/UNIT | H4: V/TOTAL
C5: 1 | D5: ALISTAMIENTO DE PISO PARA ENCHAPE | E5: M2 | F5: =+'MEMORIA DE CANTIDADES'!K34 -> 50.41 | G5: =+APUS!J51 -> 18100 | H5: =+F5*G5 -> 912421 | J5: 16000 | K5: 50.41 | L5: =+J5*K5 -> 806560
C6: 2 | D6: SUMINISTRO E INSTALACION DE PISO ENCHAPE DE 50CMS X 50 CMS | E6: M2 | F6: =+'MEMORIA DE CANTIDADES'!K68 -> 50.41 | G6: =+APUS!J102 -> 74361 | H6: =+F6*G6 -> 3748538 | J6: 74000 | K6: 50.41 | L6: =+J6*K6 -> 3730340
C7: 3 | D7: SUMINSTRO E ISNTALACION DE CERAMICA GUARDAESCOBA | E7: ML | F7: =+'MEMORIA DE CANTIDADES'!K102 -> 32 | G7: =+APUS!J153 -> 36192 | H7: =+F7*G7 -> 1158144 | J7: 38000 | K7: 32 | L7: =+J7*K7 -> 1216000
C8: 4 | D8: SUMINSTRO E ISNTALACION DE CERAMICA A MESON GUARDA INSTRUMENTOS MUSICALES | E8: M2 | F8: =+'MEMORIA DE CANTIDADES'!K136 -> 19.8 | G8: =+APUS!J206 -> 62586 | H8: =+F8*G8 -> 1239202.8 | J8: 74000 | K8: 19.8 | L8: =+J8*K8 -> 1465200
C9: 5 | D9: SUMINISTRO E INSTALACION LAMPARA ENCRUSTAR | E9: UND | F9: =+'MEMORIA DE CANTIDADES'!K170 -> 8 | G9: =+APUS!J259 -> 38861 | H9: =+F9*G9 -> 310888 | J9: 39000 | K9: 8 | L9: =+J9*K9 -> 312000
C10: 6 | D10: SUMINSTRO E INSTALACION CIELORASO EN PVC 9MM X 30 CM (Tipo Mexicano) | E10: M2 | F10: =+'MEMORIA DE CANTIDADES'!K204 -> 50.41 | G10: =+APUS!J312 -> 69201 | H10: =+F10*G10 -> 3488422.4 | J10: 66000 | K10: 50.41 | L10: =+J10*K10 -> 3327060
C11: SUB TOTAL | H11: =SUM(H5:H10) -> 10857616
C12: ADMINISTRACION | F12: 0.12 | H12: =+H11*F12 -> 1302913.9
C13: IMPREVISTOS | F13: 0.02 | H13: =+H11*F13 -> 217152.32
C14: UTILIDAD | F14: 0.05 | H14: =+H11*F14 -> 542880.81
C15: TOTAL OBRA | H15: =SUM(H11:H14) -> 12920563 | J15: 12920020
J17: =+H15-J15 -> 542.9018

Sheet APUS
C4: REPUBLICA DE COLOMBIA | H4: ANÁLISIS DE PRECIOS UNITARIOS
C5: DEPARTAMENTO DEL TOLIMA
C6: INSTITUCIÓN EDUCATIVA TÉCNICA INSTITUTO ARMERO DE ARMERO GUAYABAL TOLIMA
C7: NIT.: 890701513-4
C9: ITEM: | D9: 1 | H9: ESPECIFICACIÓN: PARTICULAR
C10: DESCRIPCION: | D10: ALISTAMIENTO DE PISO PARA ENCHAPE | I10: UNIDAD : | J10: M2
C12: I. EQUIPO
C13: Descripción | F13: Tipo | G13: Tarifa/Hora | H13: Rendimiento | I13: Valor-Unit.
C14: Herramienta Menor | F14: Glb | G14: 2562 | H14: 0.05 | I14: =+G14*H14 -> 128.1
I19: Sub-Total | J19: =SUM(I14:I18) -> 128.1
C20: II. MATERIALES EN OBRA
C21: Descripción | F21: Unidad | G21: Precio-Unit. | H21: Cantidad | I21: Valor-Unit.
C22: Mortero 1:4 | F22: M3 | G22: 296000 | H22: 0.032 | I22: =+G22*H22 -> 9472
I28: Sub-Total | J28: =SUM(I22:I27) -> 9472
C29: III. TRANSPORTES
C30: Material | D30: Vol-peso ó Cant. | F30: Distancia | G30: M3-Km | H30: Tarifa | I30: Valor-Unit.
I35: Sub-Total | J35: =SUM(I31:I34) -> 0
C36: IV. MANO DE OBRA
C37: Trabajador | F37: Unidad | G37: Can. O Rend. | H37: Valor | I37: Valor-Unit.
C38: Mano de Obra Albañileria | F38: Hc | G38: 0.5 | H38: 17000 | I38: =+G38*H38 -> 8500
I44: Sub-Total | J44: =SUM(I38:I43) -> 8500
C51: Total Costo Directo | J51: =ROUND(J19+J28+J35+J44,0) -> 18100
C55: REPUBLICA DE COLOMBIA | H55: ANÁLISIS DE PRECIOS UNITARIOS
C56: DEPARTAMENTO DEL TOLIMA
C57: INSTITUCIÓN EDUCATIVA TÉCNICA INSTITUTO ARMERO DE ARMERO GUAYABAL TOLIMA
C58: NIT.: 890701513-4
C60: ITEM: | D60: 2 | H60: ESPECIFICACIÓN: PARTICULAR
C61: DESCRIPCION: | D61: SUMINISTRO E INSTALACION DE PISO ENCHAPE DE 50CMS X 50 CMS | I61: UNIDAD : | J61: M2
C63: I. EQUIPO
C64: Descripción | F64: Tipo | G64: Tarifa/Hora | H64: Rendimiento | I64: Valor-Unit.
C65: Herramienta Menor | F65: Glb | G65: 2562 | H65: 0.2 | I65: =+G65*H65 -> 512.4
I70: Sub-Total | J70: =SUM(I65:I69) -> 512.4
C71: II. MATERIALES EN OBRA
C72: Descripción | F72: Unidad | G72: Precio-Unit. | H72: Cantidad | I72: Valor-Unit.
C73: Pegacor | F73: Kg | G73: 1705 | H73: 0.46 | I73: =+G73*H73 -> 784.3
C74: Enchape piso 05, X 0,5mts | F74: M2 | G74: 49000 | H74: 1.3 | I74: =+G74*H74 -> 63700
C75: Agua | F75: Lt | G75: 80 | H75: 1.3 | I75: =+G75*H75 -> 104
C76: Boquilla | F76: Kg | G76: 35000 | H76: 0.08 | I76: =+G76*H76 -> 2800
I79: Sub-Total | J79: =SUM(I73:I78) -> 67388.3
C80: III. TRANSPORTES
C81: Material | D81: Vol-peso ó Cant. | F81: Distancia | G81: M3-Km | H81: Tarifa | I81: Valor-Unit.
I86: Sub-Total | J86: =SUM(I82:I85) -> 0
C87: IV. MANO DE OBRA
C88: Trabajador | F88: Unidad | G88: Can. O Rend. | H88: Valor | I88: Valor-Unit.
C89: Mano de Obra Albañileria | F89: Hc | G89: 0.38 | H89: 17000 | I89: =+G89*H89 -> 6460
I95: Sub-Total | J95: =SUM(I89:I94) -> 6460
C102: Total Costo Directo | J102: =ROUND(J70+J79+J86+J95,0) -> 74361
C106: REPUBLICA DE COLOMBIA | H106: ANÁLISIS DE PRECIOS UNITARIOS
C107: DEPARTAMENTO DEL TOLIMA
C108: INSTITUCIÓN EDUCATIVA TÉCNICA INSTITUTO ARMERO DE ARMERO GUAYABAL TOLIMA
C109: NIT.: 890701513-4
C111: ITEM: | D111: 3 | H111: ESPECIFICACIÓN: PARTICULAR
C112: DESCRIPCION: | D112: SUMINSTRO E INSTALACION DE CERAMICA GUARDAESCOBA | I112: UNIDAD : | J112: ml
C114: I. EQUIPO
C115: Descripción | F115: Tipo | G115: Tarifa/Hora | H115: Rendimiento | I115: Valor-Unit.
C116: Herramienta Menor | F116: Glb | G116: 2562 | H116: 0.5 | I116: =+G116*H116 -> 1281
I121: Sub-Total | J121: =SUM(I116:I120) -> 1281
C122: II. MATERIALES EN OBRA
C123: Descripción | F123: Unidad | G123: Precio-Unit. | H123: Cantidad | I123: Valor-Unit.
C124: Pegacor | F124: Kg | G124: 1705 | H124: 0.33 | I124: =+G124*H124 -> 562.65
C125: Enchape piso 05, X 0,5mts | F125: M2 | G125: 49000 | H125: 0.44 | I125: =+G125*H125 -> 21560
C126: Agua | F126: Lt | G126: 80 | H126: 0.1 | I126: =+G126*H126 -> 8
C127: Boquilla | F127: Kg | G127: 35000 | H127: 0.03 | I127: =+G127*H127 -> 1050
I130: Sub-Total | J130: =SUM(I124:I129) -> 23180.65
C131: III. TRANSPORTES
C132: Material | D132: Vol-peso ó Cant. | F132: Distancia | G132: M3-Km | H132: Tarifa | I132: Valor-Unit.
I137: Sub-Total | J137: =SUM(I133:I136) -> 0
C138: IV. MANO DE OBRA
C139: Trabajador | F139: Unidad | G139: Can. O Rend. | H139: Valor | I139: Valor-Unit.
C140: Mano de Obra Albañileria | F140: Hc | G140: 0.69 | H140: 17000 | I140: =+G140*H140 -> 11730
I146: Sub-Total | J146: =SUM(I140:I145) -> 11730
C153: Total Costo Directo | J153: =ROUND(J121+J130+J137+J146,0) -> 36192
C157: REPUBLICA DE COLOMBIA | H157: ANÁLISIS DE PRECIOS UNITARIOS
C158: DEPARTAMENTO DEL TOLIMA
C159: INSTITUCIÓN EDUCATIVA TÉCNICA INSTITUTO ARMERO DE ARMERO GUAYABAL TOLIMA
C160: NIT.: 890701513-4
C162: ITEM: | D162: 4 | H162: ESPECIFICACIÓN: PARTICULAR
C163: DESCRIPCION: | D163: SUMINSTRO E ISNTALACION DE CERAMICA A MESON GUARDA INSTRUMENTOS MUSICALES | I163: UNIDAD : | J163: m2
C165: I. EQUIPO
C166: Descripción | F166: Tipo | G166: Tarifa/Hora | H166: Rendimiento | I166: Valor-Unit.
C167: Herramienta Menor | F167: Glb | G167: 2562 | H167: 0.5 | I167: =+G167*H167 -> 1281
I172: Sub-Total | J172: =SUM(I167:I171) -> 1281
C173: II. MATERIALES EN OBRA
C174: Descripción | F174: Unidad | G174: Precio-Unit. | H174: Cantidad | I174: Valor-Unit.
C175: Enchape | F175: M2 | G175: 49000 | H175: 0.64 | I175: =+G175*H175 -> 31360
C176: Boquilla | F176: Kg | G176: 35000 | H176: 0.17 | I176: =+G176*H176 -> 5950
C177: Pegacor | F177: Kg | G177: 1705 | H177: 1.3 | I177: =+G177*H177 -> 2216.5
C178: Agua | F178: Lt | G178: 80 | H178: 1.85 | I178: =+G178*H178 -> 148
C179: Win en Aluminio | F179: Ml | G179: 1.05 | H179: 3600 | I179: =+G179*H179 -> 3780
I183: Sub-Total | J183: =SUM(I175:I182) -> 43454.5
C184: III. TRANSPORTES
C185: Material | D185: Vol-peso ó Cant. | F185: Distancia | G185: M3-Km | H185: Tarifa | I185: Valor-Unit.
I190: Sub-Total | J190: =SUM(I186:I189) -> 0
C191: IV. MANO DE OBRA
C192: Trabajador | F192: Unidad | G192: Can. O Rend. | H192: Valor | I192: Valor-Unit.
C193: Mano de Obra Albañileria | F193: Hc | G193: 1.05 | H193: 17000 | I193: =+G193*H193 -> 17850
I199: Sub-Total | J199: =SUM(I193:I198) -> 17850
C206: Total Costo Directo | J206: =ROUND(J172+J183+J190+J199,0) -> 62586
C210: REPUBLICA DE COLOMBIA | H210: ANÁLISIS DE PRECIOS UNITARIOS
C211: DEPARTAMENTO DEL TOLIMA
...

Sheet MEMORIA DE CANTIDADES
C4: MEMORIA DE CÁLCULO CANTIDADES DE OBRA
C7: ITEM | D7: 1 | J7: HOJA 1 DE 1
C8: DESCRIPCIÓN | D8: ALISTAMIENTO DE PISO PARA ENCHAPE | J8: UNIDAD | K8: m2
C9: DIAGRAMA | E9: LOCALIZACION | F9: DIMENSIONES | J9: Cantidad | K9: Total
F10: Largo | G10: Ancho | H10: Alto | I10: Otros
E11: Aula | F11: 7.1 | G11: 7.1 | K11: =+F11*G11 -> 50.41
E34: TOTAL ITEM | K34: =SUM(K11:K33) -> 50.41
C38: MEMORIA DE CÁLCULO CANTIDADES DE OBRA
C41: ITEM | D41: 2 | J41: HOJA 1 DE 1
C42: DESCRIPCIÓN | D42: SUMINISTRO E INSTALACION DE PISO ENCHAPE DE 50CMS X 50 CMS | J42: UNIDAD | K42: m2
C43: DIAGRAMA | E43: LOCALIZACION | F43: DIMENSIONES | J43: Cantidad | K43: Total
F44: Largo | G44: Ancho | H44: Alto | I44: Otros
E45: Aula | F45: 7.1 | G45: 7.1 | K45: =+F45*G45 -> 50.41
E68: TOTAL ITEM | K68: =SUM(K45:K67) -> 50.41
C72: MEMORIA DE CÁLCULO CANTIDADES DE OBRA
C75: ITEM | D75: 3 | J75: HOJA 1 DE 1
C76: DESCRIPCIÓN | D76: SUMINSTRO E ISNTALACION DE CERAMICA GUARDAESCOBA | J76: UNIDAD | K76: ml
C77: DIAGRAMA | E77: LOCALIZACION | F77: DIMENSIONES | J77: Cantidad | K77: Total
F78: Largo | G78: Ancho | H78: Alto | I78: Otros
E79: Aula | J79: 32 | K79: =+J79 -> 32
E102: TOTAL ITEM | K102: =SUM(K79:K101) -> 32
C106: MEMORIA DE CÁLCULO CANTIDADES DE OBRA
C109: ITEM | D109: 4 | J109: HOJA 1 DE 1
C110: DESCRIPCIÓN | D110: SUMINSTRO E ISNTALACION DE CERAMICA A MESON GUARDA INSTRUMENTOS MUSICALES | J110: UNIDAD
C111: DIAGRAMA | E111: LOCALIZACION | F111: DIMENSIONES | J111: Cantidad | K111: Total
F112: Largo | G112: Ancho | H112: Alto | I112: Otros
E113: Mesón Aula | J113: 19.8 | K113: =+J113 -> 19.8
E136: TOTAL ITEM | K136: =SUM(K113:K135) -> 19.8
C140: MEMORIA DE CÁLCULO CANTIDADES DE OBRA
C143: ITEM | D143: 5 | J143: HOJA 1 DE 1
C144: DESCRIPCIÓN | D144: SUMINISTRO E INSTALACION LAMPARA ENCRUSTAR | J144: UNIDAD | K144: Und
C145: DIAGRAMA | E145: LOCALIZACION | F145: DIMENSIONES | J145: Cantidad | K145: Total
F146: Largo | G146: Ancho | H146: Alto | I146: Otros
E147: Aula | J147: 8 | K147: =+J147 -> 8
E170: TOTAL ITEM | K170: =SUM(K147:K169) -> 8
C174: MEMORIA DE CÁLCULO CANTIDADES DE OBRA
C177: ITEM | D177: 6 | J177: HOJA 1 DE 1
C178: DESCRIPCIÓN | D178: SUMINSTRO E INSTALACION CIELORASO EN PVC 9MM X 30 CM (Tipo Mexicano) | J178: UNIDAD | K178: m2
C179: DIAGRAMA | E179: LOCALIZACION | F179: DIMENSIONES | J179: Cantidad | K179: Total
F180: Largo | G180: Ancho | H180: Alto | I180: Otros
E181: Aula | F181: 7.1 | G181: 7.1 | K181: =+F181*G181 -> 50.41
E204: TOTAL ITEM | K204: =SUM(K181:K203) -> 50.41
